AoeStats
← ElMatador

Oasis

507140636Analyzed
2v2 RM · 14d ago on Sep 16, 2026· 37m 55s· 4 players
Game mode
Random Map
Map size
Medium (4 player)
Population
200
Speed
Normal
Resources
Standard
Victory
Conquest
Starting age
Dark Age
Ending age
Imperial Age
RankedLock teamsTeams togetherTeam positionsShared explorationLock speedFull tech treeHidden civsTurbo modeCheats
Victory
Defeat
🇦🇹 Bohemians · Austria
585
+14
🇬🇧 Japanese · United Kingdom
506
+17
🇧🇪 Huns · Belgium
556
-16
🇧🇪 Cumans · Belgium
514
-15
MandrakePOE
9:40 Loom
12:59 Feudal Age
26:49 Wheelbarrow
29:31 Gold Mining
29:32 Stone Mining
29:49 Fletching
29:59 Double-Bit Axe
37:04 Castle Age
creutzfeld_jakob
10:22 Loom
14:45 Feudal Age
15:15 Horse Collar
24:03 Castle Age
24:42 Double-Bit Axe
25:53 Bow Saw
25:47 Heavy Plow
28:57 Arson
29:13 Squires
28:33 Pikeman
29:32 Forging
29:13 Fletching
29:23 Padded Archer Armor
29:30 Elite Skirmisher
29:31 Crossbowman
32:13 Fortified Wall
32:40 Fervor
32:54 Ballistics
33:35 Chemistry
35:52 Wheelbarrow
35:03 Town Watch
40:30 Imperial Age
38:17 Hand Cart
38:03 Town Patrol
Ri3P le Voleur
10:12 Feudal Age
15:57 Man-at-Arms
25:03 Horse Collar
25:24 Double-Bit Axe
27:17 Wheelbarrow
31:37 Castle Age
32:19 Crossbowman
33:07 Thumb Ring
32:25 Pikeman
36:31 Ballistics
37:05 Squires
ElMatador
3:59 Loom
12:19 Feudal Age
10:34 Loom
12:19 Loom
12:55 Horse Collar
14:40 Double-Bit Axe
20:28 Wheelbarrow
19:59 Town Watch
26:32 Castle Age
24:29 Fletching
24:40 Padded Archer Armor
24:51 Forging
25:15 Gold Mining
27:36 Leather Archer Armor
27:17 Bodkin Arrow
29:43 Heavy Plow
31:31 Iron Casting
33:13 Gold Shaft Mining
34:16 Bow Saw
34:39 Hand Cart
34:24 Town Patrol
35:01 Ballistics
36:48 Stone Mining
37:19 Crossbowman
38:17 Thumb Ring
37:33 Elite Skirmisher
Connection lost

Rejoining the realm…

Still unreachable

The connection could not be restored.

Session expired

The server has moved on; the page needs a fresh start.